[Event "ICC tourney 2308 (3 2)"]
[Site "Internet Chess Club"]
[Date "2021.01.15"]
[Round "7"]
[White "blackjack721"]
[Black "ved2006"]
[Result "0-1"]
[ICCResult "White resigns"]
[WhiteElo "1454"]
[BlackElo "1686"]
[Opening "French: Tarrasch, open variation"]
[ECO "C07"]
[NIC "FR.18"]
[Time "21:38:46"]
[PlyCount "92"]
[TimeControl "180+2"]

1. e4 e6 2. d4 d5 3. Nd2 c5 4. c3 Nc6 5. e5 Qb6 6. Nb3 Nge7 7. Be3 cxd4 8.
cxd4 Nf5 9. Nf3 Bb4+ 10. Ke2 Bd7 11. a4 Na5 12. Nxa5 Qxa5 13. b3 Rc8 14.
Bd2 Qb6 15. Bxb4 Qxb4 16. Qd3 Rc3 17. Qd2 Qxb3 18. g4 Rc2 19. gxf5 Rxd2+
20. Nxd2 Qc3 21. Bg2 Qxd4 22. Nf3 Qe4+ 23. Kd2 Qxf5 24. Nd4 Qxf2+ 25. Kc3
Qxg2 26. Rhg1 Qh3+ 27. Kb4 O-O 28. Rg3 Qh4 29. Rd1 Rc8 30. Kb3 Qxh2 31.
Rdg1 g6 32. R1g2 Qh4 33. Rg4 Qe7 34. Nb5 Bxb5 35. axb5 Qc5 36. Ka4 a6 37.
bxa6 bxa6 38. Rb4 Qc3 39. Rgb2 Rc4 40. Rb3 Rxb4+ 41. Rxb4 Qa1+ 42. Kb3 Qxe5
43. Rb6 d4 44. Rxa6 Qb5+ 45. Kc2 Qxa6 46. Kd2 Qa3 { White resigns } 0-1

[Event "ICC tourney 2308 (3 2)"]
[Site "Internet Chess Club"]
[Date "2021.01.15"]
[Round "7"]
[White "aberdeenace"]
[Black "Ayushb"]
[Result "0-1"]
[ICCResult "White resigns"]
[WhiteElo "1546"]
[BlackElo "1769"]
[Opening "Bishop's opening: Berlin defense"]
[ECO "C24"]
[NIC "IG.04"]
[Time "21:38:20"]
[PlyCount "88"]
[TimeControl "180+2"]

1. e4 e5 2. Bc4 Nf6 3. d3 Be7 4. c3 d6 5. Be3 O-O 6. f3 Nc6 7. b4 d5 8. Bb5
dxe4 9. fxe4 Bg4 10. Qc2 a5 11. Bxc6 bxc6 12. bxa5 Rxa5 13. h3 Be6 14. Nd2
Qa8 15. c4 Rb8 16. g4 Ba3 17. Nb3 Ra4 18. Nf3 Rab4 19. O-O Qb7 20. Nxe5 Nd7
21. Nxd7 Bxd7 22. Qf2 Be6 23. Nc5 Qc8 24. Nxe6 Qxe6 25. Qf5 Qxf5 26. Rxf5
Rb2 27. Raf1 Re2 28. Bf4 Rbb2 29. Bxc7 f6 30. R1f2 Bc5 31. Bg3 Bxf2+ 32.
Bxf2 Rxa2 33. Kg2 Kf7 34. Kg3 Ke6 35. Rc5 Rxf2 36. Rxc6+ Kd7 37. Rc5 Rfd2
38. Rd5+ Ke6 39. c5 Ra3 40. Rd6+ Ke5 41. Rd7 Raxd3+ 42. Kh4 Rxd7 43. c6 Rc7
44. g5 Rxc6 { White resigns } 0-1

[Event "ICC tourney 2308 (3 2)"]
[Site "Internet Chess Club"]
[Date "2021.01.15"]
[Round "7"]
[White "haarim"]
[Black "mchessmaster"]
[Result "1-0"]
[ICCResult "Black checkmated"]
[WhiteElo "1491"]
[BlackElo "1955"]
[Opening "Scotch gambit: Dubois-Réti defense"]
[ECO "C55"]
[NIC "KP.02"]
[Time "21:38:46"]
[PlyCount "67"]
[TimeControl "180+2"]

1. e4 e5 2. Nf3 Nc6 3. d4 exd4 4. Bc4 Nf6 5. e5 Ng8 6. O-O Bc5 7. c3 dxc3
8. Bxf7+ Kxf7 9. Qd5+ Ke8 10. Qxc5 cxb2 11. Bxb2 Qe7 12. Qc3 Nh6 13. e6
dxe6 14. Qxg7 Nf7 15. Re1 Bd7 16. Na3 Qf8 17. Qf6 Rg8 18. Nb5 Rc8 19. Rad1
Qe7 20. Qc3 a6 21. Nbd4 Nxd4 22. Nxd4 Ng5 23. h4 Nf7 24. Nxe6 Bxe6 25. Rxe6
Qxe6 26. Re1 Qxe1+ 27. Qxe1+ Kd8 28. Bf6+ Kd7 29. Qe7+ Kc6 30. Qxf7 Rcf8
31. Qe6+ Kb5 32. Qd5+ Kb6 33. Bd4+ c5 34. Qxc5# { Black checkmated } 1-0

[Event "ICC tourney 2308 (3 2)"]
[Site "Internet Chess Club"]
[Date "2021.01.15"]
[Round "7"]
[White "Assured"]
[Black "kurumania"]
[Result "0-1"]
[ICCResult "White forfeits on time"]
[WhiteElo "2552"]
[BlackElo "2514"]
[Opening "Queen's pawn: Torre attack"]
[ECO "A46"]
[NIC "QP.04"]
[Time "21:38:06"]
[PlyCount "84"]
[TimeControl "180+2"]

1. d4 Nf6 2. Nf3 e6 3. Bg5 c5 4. e3 d5 5. Nbd2 Nbd7 6. c3 b6 7. Bd3 Bb7 8.
Ne5 Qc7 9. f4 Bd6 10. O-O h6 11. Bh4 g5 12. Bg3 gxf4 13. exf4 Rg8 14. Qe2
Rg7 15. f5 O-O-O 16. fxe6 fxe6 17. Nxd7 Nxd7 18. Bxd6 Qxd6 19. Bb5 Nf8 20.
Rf6 Ng6 21. Qg4 Rdg8 22. Rxe6 Qf4 23. Re8+ Kc7 24. Rxg8 Rxg8 25. Qxf4+ Nxf4
26. g3 c4 27. Rf1 Nd3 28. Rf7+ Kb8 29. b3 a6 30. Bd7 b5 31. b4 h5 32. a3 h4
33. Kg2 Bc8 34. Bxc8 Kxc8 35. Nf3 hxg3 36. hxg3 Re8 37. g4 Re2+ 38. Kg3 Rc2
39. g5 Nc1 40. g6 Ne2+ 41. Kg4 Nxc3 42. g7 Rg2+ { White forfeits on time }
0-1

[Event "ICC tourney 2308 (3 2)"]
[Site "Internet Chess Club"]
[Date "2021.01.15"]
[Round "7"]
[White "dsmartins"]
[Black "ZYCON"]
[Result "0-1"]
[ICCResult "White checkmated"]
[WhiteElo "1777"]
[BlackElo "1385"]
[Opening "Sicilian: closed"]
[ECO "B23"]
[NIC "SI.44"]
[Time "21:37:54"]
[PlyCount "106"]
[TimeControl "180+2"]

1. e4 c5 2. Nc3 d6 3. f4 Nc6 4. Nf3 Bg4 5. Bc4 Nf6 6. d3 Nd4 7. O-O Nxf3+
8. gxf3 Bh3 9. Rf2 g6 10. Kh1 Bg7 11. Qg1 Nh5 12. Ne2 O-O 13. Be3 Bf6 14.
Ng3 Nxg3+ 15. Qxg3 Bd7 16. f5 Bg7 17. Bh6 b5 18. Bxg7 Kxg7 19. Bd5 Rc8 20.
Rg1 Bc6 21. Bxc6 Rxc6 22. Qh4 Rh8 23. Rg3 e6 24. fxe6 Qxh4 25. Rfg2 fxe6
26. Rg4 Qf6 27. h4 Qxf3 28. h5 d5 29. hxg6 hxg6+ 30. Kg1 Qd1+ 31. Kf2 Qxc2+
32. Ke3 Qc1+ 33. Kf3 Qf1+ 34. Ke3 d4+ 35. Kd2 Qf6 36. e5 Qf5 37. Rg5 Qf4+
38. Kc2 Rh6 39. a3 c4 40. Kb1 cxd3 41. a4 Qc1+ 42. Ka2 bxa4 43. b4 Qxg5 44.
b5 Qxg2+ 45. Ka3 Rc3+ 46. Kb4 Qb2+ 47. Ka5 Rh8 48. b6 axb6+ 49. Ka6 Ra8+
50. Kb7 Ra5 51. Kb8 Qb5 52. Kb7 Qc6+ 53. Kb8 Ra8# { White checkmated } 0-1

[Event "ICC tourney 2308 (3 2)"]
[Site "Internet Chess Club"]
[Date "2021.01.15"]
[Round "7"]
[White "YKQ"]
[Black "Dlugy"]
[Result "1-0"]
[ICCResult "Black resigns"]
[WhiteElo "2550"]
[BlackElo "2607"]
[Opening "Queen's pawn game, Krause variation"]
[ECO "D02"]
[NIC "QP.08"]
[Time "21:38:20"]
[PlyCount "119"]
[TimeControl "180+2"]

1. d4 d5 2. Nf3 c5 3. dxc5 e6 4. a3 Bxc5 5. e3 Nc6 6. c4 Nf6 7. b4 Bd6 8.
Bb2 O-O 9. Nbd2 Qe7 10. Be2 Rd8 11. Qb1 a5 12. b5 Nb8 13. O-O Nbd7 14. cxd5
exd5 15. Nb3 a4 16. Nbd4 g6 17. h3 Ne4 18. Qa2 Nb6 19. Rac1 Bd7 20. Bd3
Rac8 21. Rfd1 Re8 22. Bxe4 dxe4 23. Nd2 Qg5 24. Rxc8 Nxc8 25. Kf1 Qe5 26.
Nc4 Qh2 27. Nxd6 Nxd6 28. Qd5 Re7 29. Rc1 Ne8 30. Ne2 Nc7 31. Qd4 Qh1+ 32.
Ng1 Bxb5+ 33. Rc4 f6 34. Qd8+ Kf7 35. Qd4 Bxc4+ 36. Qxc4+ Ne6 37. Qc3 Qh2
38. Qxf6+ Ke8 39. Be5 Qh1 40. Bd6 Rg7 41. Qxe6+ Kd8 42. Qf6+ Kd7 43. Qxg7+
Kxd6 44. Qd4+ Kc7 45. Qxe4 Qh2 46. Qf4+ Qxf4 47. exf4 b5 48. Ne2 Kd6 49.
Ke1 Kc5 50. Kd2 Kc4 51. Kc2 b4 52. axb4 Kxb4 53. g4 Kc4 54. f5 gxf5 55.
gxf5 Kd5 56. f4 Kd6 57. Kc3 Ke7 58. Ng3 Kf6 59. Kb4 h5 60. h4 { Black
resigns } 1-0

[Event "ICC tourney 2308 (3 2)"]
[Site "Internet Chess Club"]
[Date "2021.01.15"]
[Round "7"]
[White "CheddarCheng1"]
[Black "DejaVu"]
[Result "0-1"]
[ICCResult "White forfeits on time"]
[WhiteElo "1424"]
[BlackElo "1850"]
[Opening "Giuoco Piano"]
[ECO "C50"]
[NIC "IG.02"]
[Time "21:38:46"]
[PlyCount "96"]
[TimeControl "180+2"]

1. e4 e5 2. Nf3 Nc6 3. Bc4 Bc5 4. O-O Nf6 5. d3 d6 6. c3 O-O 7. Bg5 h6 8.
Bh4 a6 9. Nbd2 Na5 10. Bb3 Nxb3 11. Qxb3 Bb6 12. Rfe1 Be6 13. Qc2 g5 14.
Bg3 Nh5 15. d4 Nxg3 16. hxg3 Qf6 17. d5 Bd7 18. c4 a5 19. a3 a4 20. b4 axb3
21. Nxb3 Ba4 22. Qc3 Qe7 23. c5 dxc5 24. Nxe5 Bxb3 25. Ng4 Ba4 26. Nf6+ Kh8
27. Nd7+ f6 28. Nxf8 Rxf8 29. Qc4 Bd7 30. a4 Ba5 31. Re3 Bb4 32. Rb1 b6 33.
g4 Bxa4 34. Rh3 Kg7 35. g3 b5 36. Qe2 Bc3 37. Kg2 Re8 38. f3 Qe5 39. Rbh1
Rh8 40. Qe3 Qd4 41. Qc1 Qd2+ 42. Qxd2 Bxd2 43. f4 gxf4 44. gxf4 Bxf4 45.
Kf3 Bg5 46. Rc1 c4 47. e5 fxe5 48. Ke4 Bf4 { White forfeits on time } 0-1

[Event "ICC tourney 2308 (3 2)"]
[Site "Internet Chess Club"]
[Date "2021.01.15"]
[Round "7"]
[White "BrodskyUTD"]
[Black "vikram251107"]
[Result "1-0"]
[ICCResult "Black checkmated"]
[WhiteElo "2564"]
[BlackElo "2002"]
[Opening "Caro-Kann: advance variation"]
[ECO "B12"]
[NIC "CK.04"]
[Time "21:37:57"]
[PlyCount "123"]
[TimeControl "180+2"]

1. e4 c6 2. d4 d5 3. e5 Bf5 4. Nf3 e6 5. Be2 Nd7 6. O-O Ne7 7. Nbd2 c5 8.
c4 Rc8 9. dxc5 Nxc5 10. b4 Nd7 11. Bb2 Nc6 12. b5 Nb4 13. Nd4 Bd3 14. a3
dxc4 15. axb4 c3 16. Bxd3 cxb2 17. Rb1 Nxe5 18. N2f3 Bxb4 19. Nxe5 Qxd4 20.
Nxf7 Qf6 21. Qe2 Kxf7 22. Rxb2 Bc3 23. Rc2 Be5 24. g3 Rxc2 25. Bxc2 Rd8 26.
Qh5+ Kg8 27. Qxh7+ Kf7 28. Qh5+ Ke7 29. Qe2 Bc3 30. Qe4 Rd7 31. Bb3 Qf5 32.
Qe3 Bd4 33. Qe2 Bc3 34. Bc2 Qd5 35. Be4 Qd2 36. Qg4 Bd4 37. Qf3 Kd8 38.
Bxb7 Bf6 39. Bc6 Rd3 40. Qe4 Rd4 41. Qf3 Rd3 42. Qe4 Rd6 43. Kg2 Rd4 44.
Qxe6 Rd6 45. Qe8+ Kc7 46. Qf7+ Kb6 47. Qb7+ Kc5 48. Qxa7+ Kc4 49. Qa3 Bc3
50. Rc1 Rf6 51. Rf1 Rd6 52. Bf3 Rd3 53. Rd1 Rxf3 54. Rxd2 Bxd2 55. Kxf3
Kxb5 56. Qd3+ Kb6 57. Qxd2 Ka6 58. Qb4 Ka7 59. Ke4 Ka8 60. Kd5 g5 61. Kc6
g4 62. Qb7# { Black checkmated } 1-0

[Event "ICC tourney 2308 (3 2)"]
[Site "Internet Chess Club"]
[Date "2021.01.15"]
[Round "7"]
[White "Goran21"]
[Black "PappusChain923"]
[Result "0-1"]
[ICCResult "White resigns"]
[WhiteElo "2008"]
[BlackElo "2147"]
[Opening "English opening"]
[ECO "A10"]
[NIC "EO.64"]
[Time "21:37:53"]
[PlyCount "148"]
[TimeControl "180+2"]

1. c4 g6 2. Nf3 Bg7 3. g3 c5 4. Bg2 Nc6 5. O-O e6 6. e3 Nge7 7. d4 cxd4 8.
Nxd4 Nxd4 9. exd4 d5 10. cxd5 Nxd5 11. Nc3 O-O 12. Nxd5 exd5 13. Qb3 Bxd4
14. Bxd5 Qb6 15. Bh6 Qxb3 16. Bxb3 Bxb2 17. Rab1 Bg7 18. Bg5 Bf5 19. Rbd1
Bc3 20. f3 Kg7 21. g4 h6 22. Be7 Rfe8 23. Bh4 Be6 24. Rc1 Bd4+ 25. Kg2 Bxb3
26. axb3 Re2+ 27. Kh3 Rae8 28. Bg3 R8e7 29. Rfd1 Be5 30. f4 Bb2 31. Rc8
R2e3 32. b4 Rb3 33. Rdd8 Rxb4 34. g5 hxg5 35. fxg5 Rb3 36. Rg8+ Kh7 37.
Rgd8 f6 38. Rh8+ Kg7 39. Rcg8+ Kf7 40. Rf8+ Ke6 41. gxf6 Bxf6 42. Rhg8 Rf7
43. Re8+ Kf5 44. Re2 g5 45. Rf2+ Ke6 46. Rg6 a5 47. Kg2 a4 48. Rh6 a3 49.
Re2+ Kd7 50. Rd2+ Ke8 51. Re2+ Re7 52. Rf2 Bg7 53. Rd6 Rb2 54. Rdd2 Rxd2
55. Rxd2 Bb2 56. Bd6 a2 57. Bxe7 Kxe7 58. Rxb2 a1=Q 59. Rxb7+ Kf6 60. Rb6+
Kf5 61. Rb5+ Kg4 62. Rb4+ Kh5 63. Re4 Qa8 64. Kf3 g4+ 65. Kf4 Qf8+ 66. Ke3
Qf3+ 67. Kd4 Qf2+ 68. Ke5 Qxh2+ 69. Kf5 Qf2+ 70. Rf4 Qc5+ 71. Ke4 Qc4+ 72.
Kf5 Qd5+ 73. Kf6 Qg5+ 74. Ke6 Qxf4 { White resigns } 0-1

[Event "ICC tourney 2308 (3 2)"]
[Site "Internet Chess Club"]
[Date "2021.01.15"]
[Round "7"]
[White "sahina"]
[Black "kittypuppy"]
[Result "0-1"]
[ICCResult "White forfeits on time"]
[WhiteElo "1550"]
[BlackElo "1058"]
[Opening "Queen's pawn"]
[ECO "A40"]
[NIC "QO.17"]
[Time "21:38:31"]
[PlyCount "108"]
[TimeControl "180+2"]

1. d4 c6 2. Bf4 d5 3. e3 Bf5 4. c3 e6 5. Qb3 Qd7 6. Nd2 Be7 7. Ngf3 Nf6 8.
Ne5 Qc8 9. h3 h6 10. Be2 Nbd7 11. Ndf3 Nxe5 12. Nxe5 Nd7 13. O-O-O Nxe5 14.
dxe5 a6 15. g4 Bh7 16. h4 b5 17. g5 hxg5 18. hxg5 Kd7 19. Bh5 Qf8 20. g6
fxg6 21. Bg4 g5 22. Bg3 Be4 23. f3 Bg6 24. c4 Qc8 25. e4 Rf8 26. exd5 cxd5
27. Kd2 Qxc4 28. Qxc4 bxc4 29. Kc3 Rab8 30. Rh2 a5 31. Rhd2 Bb4+ 32. Kd4
Bxd2 33. Rxd2 Bf5 34. Bh5 Bb1 35. a3 Bd3 36. Rh2 Rb3 37. Bg4 Rf7 38. Rh8
Rxb2 39. Ra8 Rd2 40. Ra7+ Ke8 41. Ra8+ Ke7 42. Ra7+ Kf8 43. Ra8+ Ke7 44.
Ra7+ Kd8 45. Bxe6 Rxa7 46. Bxd5 Rd7 47. Kc5 c3 48. e6 c2 49. exd7 c1=Q+ 50.
Kd6 Qc7+ 51. Ke6 Bf5+ 52. Kf7 Qxd7+ 53. Kg8 Rxd5 54. Kh8 Qe8+ { White
forfeits on time } 0-1

[Event "ICC tourney 2308 (3 2)"]
[Site "Internet Chess Club"]
[Date "2021.01.15"]
[Round "7"]
[White "Kinawa"]
[Black "spideydavey"]
[Result "0-1"]
[ICCResult "White checkmated"]
[WhiteElo "1535"]
[BlackElo "1802"]
[Opening "Sicilian: Kan, Maróczy bind (Réti variation)"]
[ECO "B41"]
[NIC "SI.41"]
[Time "21:38:46"]
[PlyCount "100"]
[TimeControl "180+2"]

1. e4 c5 2. Nf3 e6 3. d4 cxd4 4. Nxd4 a6 5. c4 Nf6 6. Nc3 Qc7 7. Bd3 g6 8.
O-O Bg7 9. Be3 O-O 10. Qf3 d6 11. Qg3 Nbd7 12. f4 b6 13. f5 e5 14. Nf3 Bb7
15. Nd5 Bxd5 16. cxd5 b5 17. Rac1 Qb7 18. Rc6 Nc5 19. Bxc5 dxc5 20. Rxc5
Qb6 21. Qf2 Ng4 22. Rc6 Nxf2 23. Rxb6 Nxd3 24. b3 Rfc8 25. Rc6 Nb4 26. Rcc1
Nxa2 27. Rcd1 Nc3 28. Rde1 b4 29. Re3 Bf8 30. Kh1 Bd6 31. Rfe1 a5 32. Rd3
f6 33. Nd2 Kf7 34. Nc4 Bc5 35. d6 Bd4 36. Rxd4 exd4 37. Nb6 d3 38. Nxc8
Rxc8 39. Rc1 d2 40. Rd1 Nxd1 41. d7 Rd8 42. e5 fxe5 43. fxg6+ hxg6 44. h4
Ne3 45. h5 gxh5 46. g4 hxg4 47. Kh2 d1=Q 48. Kg3 Qf3+ 49. Kh4 Rh8+ 50. Kg5
Qf5# { White checkmated } 0-1

[Event "ICC tourney 2308 (3 2)"]
[Site "Internet Chess Club"]
[Date "2021.01.15"]
[Round "7"]
[White "chesssky"]
[Black "wolverine54"]
[Result "1-0"]
[ICCResult "Black forfeits on time"]
[WhiteElo "1991"]
[BlackElo "2327"]
[Opening "King's Indian, 3.Nf3"]
[ECO "E60"]
[NIC "QP.06"]
[Time "21:38:06"]
[PlyCount "119"]
[TimeControl "180+2"]

1. Nf3 Nf6 2. d4 g6 3. c4 Bg7 4. g3 b6 5. Bg2 Bb7 6. O-O O-O 7. Nc3 Ne4 8.
Bd2 d6 9. Rc1 Nd7 10. d5 Nxd2 11. Qxd2 Re8 12. Nd4 Qc8 13. b4 e5 14. dxe6
fxe6 15. Nc6 Ne5 16. Nxe5 Bxg2 17. Kxg2 Bxe5 18. Ne4 Qb7 19. f3 a5 20. a3
axb4 21. axb4 Ra4 22. c5 bxc5 23. bxc5 d5 24. c6 Qb5 25. Nc5 Rb4 26. Nd3
Rd4 27. Rb1 Qa4 28. Qe3 Bg7 29. Rfc1 Rc4 30. Ne5 Rxc1 31. Rxc1 Qa2 32. Nd3
Qb3 33. Qf4 e5 34. Qg4 Qa2 35. Re1 e4 36. fxe4 dxe4 37. Qd7 Qf7 38. Qxf7+
Kxf7 39. Nf4 Be5 40. Nd5 Bd6 41. Rf1+ Kg7 42. Nf6 Re6 43. Nd7 h5 44. Rc1
Ba3 45. Rc4 Bd6 46. Nb8 Kf6 47. Nd7+ Ke7 48. h3 g5 49. Nb8 Re5 50. Nd7 Re6
51. g4 hxg4 52. hxg4 Bf4 53. Kf2 Bd6 54. Ke3 Bf4+ 55. Kd4 e3 56. Kd3 Rd6+
57. Ke4 Rd1 58. Nc5 Kd6 59. Nd3 Rf1 60. Kf5 { Black forfeits on time } 1-0

[Event "ICC tourney 2308 (3 2)"]
[Site "Internet Chess Club"]
[Date "2021.01.15"]
[Round "7"]
[White "TjkTiger"]
[Black "CaptK"]
[Result "1/2-1/2"]
[ICCResult "Game drawn by repetition"]
[WhiteElo "2597"]
[BlackElo "2368"]
[Opening "English: Mikenas-Carls variation"]
[ECO "A18"]
[NIC "EO.57"]
[Time "21:38:46"]
[PlyCount "163"]
[TimeControl "180+2"]

1. c4 Nf6 2. Nc3 e6 3. e4 d5 4. cxd5 exd5 5. e5 Ne4 6. Nf3 Be7 7. d4 c5 8.
dxc5 Nxc3 9. bxc3 Bxc5 10. Bd3 h6 11. O-O Nc6 12. h3 O-O 13. Bc2 Ne7 14.
Nd4 Bxd4 15. cxd4 Bf5 16. Bb3 Qa5 17. Qd2 Qxd2 18. Bxd2 Rfc8 19. Rfc1 Bd3
20. g4 Bc4 21. Bb4 Nc6 22. Bxc4 dxc4 23. Bc3 Ne7 24. Rab1 b6 25. Rb5 Rd8
26. Bb2 Rac8 27. Rb4 c3 28. Rxc3 Rxc3 29. Bxc3 Nd5 30. Rc4 Kf8 31. Bd2 Ke7
32. f4 g6 33. f5 h5 34. Bg5+ f6 35. exf6+ Kf7 36. Kf2 hxg4 37. hxg4 gxf5
38. gxf5 Rg8 39. Bd2 Kxf6 40. Rc6+ Kxf5 41. Rh6 Ke4 42. Ke2 Rg2+ 43. Kd1
Kd3 44. Rh3+ Kxd4 45. Kc1 Kc4 46. Rh4+ Kc5 47. Rh5 a5 48. a3 Rg1+ 49. Kc2
Rg2 50. Kc1 a4 51. Rh4 b5 52. Kd1 Rg3 53. Bc1 Rb3 54. Kc2 Nb6 55. Rh5+ Kc6
56. Rh6+ Kb7 57. Rh7+ Kc6 58. Rh6+ Kc5 59. Rh5+ Nd5 60. Rh4 Rf3 61. Kb1 Rf2
62. Bb2 Rd2 63. Kc1 Rg2 64. Kb1 Re2 65. Kc1 Re8 66. Kd2 Rf8 67. Bd4+ Kc4
68. Bg7+ Rf4 69. Rh2 Rg4 70. Be5 Kb3 71. Rh3+ Ka2 72. Bd6 Nb6 73. Bb4 Nc4+
74. Ke1 Rg2 75. Kf1 Rb2 76. Ke1 Rc2 77. Kd1 Rg2 78. Kc1 Rg1+ 79. Kc2 Rg2+
80. Kc1 Ne5 81. Re3 Nc4 82. Rh3 { Game drawn by repetition } 1/2-1/2

[Event "ICC tourney 2308 (3 2)"]
[Site "Internet Chess Club"]
[Date "2021.01.15"]
[Round "7"]
[White "iszerencsy"]
[Black "chessrex"]
[Result "0-1"]
[ICCResult "White resigns"]
[WhiteElo "1425"]
[BlackElo "1949"]
[Opening "Sicilian: Smith-Morra gambit"]
[ECO "B41"]
[NIC "SI.48"]
[Time "21:38:08"]
[PlyCount "186"]
[TimeControl "180+2"]

1. e4 c5 2. d4 e6 3. Nf3 Nf6 4. Nc3 cxd4 5. Nxd4 Nc6 6. Ndb5 d6 7. Bg5 Be7
8. Bxf6 gxf6 9. g3 a6 10. Na3 O-O 11. Bg2 Kh8 12. h4 Rg8 13. Qh5 e5 14.
Qxf7 Rg7 15. Qd5 Nd4 16. Qc4 Be6 17. Qd3 d5 18. exd5 Bf5 19. Qd2 Bxa3 20.
bxa3 Nxc2+ 21. Ke2 Nxa1 22. Rxa1 Rc8 23. Rc1 Qd6 24. Ne4 Qxa3 25. Rxc8+
Bxc8 26. d6 Bd7 27. Nxf6 Qc5 28. Nxd7 Rxd7 29. Qh6 Qxd6 30. Qxd6 Rxd6 31.
Bxb7 a5 32. Be4 Rb6 33. Bd5 Kg7 34. Bb3 a4 35. Bxa4 Rb2+ 36. Kf3 Rxa2 37.
Bc6 Kf6 38. g4 h6 39. Bd5 Ra5 40. Ke4 Ra4+ 41. Kf3 Rf4+ 42. Kg3 Ke7 43. f3
Kd6 44. Be4 Kc5 45. g5 hxg5 46. hxg5 Kd6 47. g6 Ke7 48. Bb1 Kf6 49. Be4 Kg7
50. Bb1 Rf6 51. Be4 Rb6 52. Kg4 Kf6 53. f4 exf4 54. Kxf4 Rb4 55. Ke3 Ke5
56. Bd3 Rg4 57. Kd2 Kd4 58. Bf5 Rg5 59. Bc2 Rg2+ 60. Kd1 Kc3 61. Be4 Rg3
62. Ke2 Kd4 63. Bf5 Ke5 64. Bd3 Kf4 65. Kd2 Rg2+ 66. Kc3 Ke5 67. Kc4 Rg4+
68. Kc3 Rg3 69. Kc4 Rg1 70. Kc3 Kd5 71. Kd2 Kd4 72. Bf5 Rg2+ 73. Ke1 Ke3
74. Kd1 Rg5 75. Bb1 Rg1+ 76. Kc2 Rxg6 77. Kc3 Rc6+ 78. Kb3 Rb6+ 79. Ka2 Kd2
80. Bf5 Kc3 81. Bh7 Ra6+ 82. Kb1 Rh6 83. Be4 Rh4 84. Bf3 Rf4 85. Bg2 Rd4
86. Bf3 Kb3 87. Kc1 Kc3 88. Kb1 Rf4 89. Be2 Rf2 90. Bd1 Rf1 91. Kc1 Kd3 92.
Kb2 Rxd1 93. Kb3 Rb1+ { White resigns } 0-1

[Event "ICC tourney 2308 (3 2)"]
[Site "Internet Chess Club"]
[Date "2021.01.15"]
[Round "7"]
[White "Jesuscalling"]
[Black "Shakhmatova"]
[Result "1-0"]
[ICCResult "Black resigns"]
[WhiteElo "2050"]
[BlackElo "1756"]
[Opening "King's Indian: London system"]
[ECO "A48"]
[NIC "QP.06"]
[Time "21:42:33"]
[PlyCount "115"]
[TimeControl "180+2"]

1. d4 Nf6 2. Nf3 g6 3. Bf4 d6 4. c3 c6 5. Nbd2 Bg7 6. e4 Nbd7 7. h3 Nh5 8.
Bh2 Qc7 9. Bc4 e5 10. O-O O-O 11. Bb3 Re8 12. dxe5 Nxe5 13. Nxe5 dxe5 14.
Nf3 Nf4 15. Bxf4 exf4 16. Qc2 Be6 17. Rfe1 Qe7 18. Qd2 Bh6 19. Bxe6 fxe6
20. Rad1 Rad8 21. Qc2 e5 22. Qb3+ Kh8 23. Nh2 Rb8 24. Ng4 Bg7 25. Qa4 b5
26. Qa5 Rb6 27. Nh2 h5 28. Qb4 c5 29. Qb3 a5 30. Rd5 c4 31. Qc2 g5 32. Red1
Rb7 33. Qe2 Qf7 34. Rd8 Rxd8 35. Rxd8+ Kh7 36. Nf3 Qe7 37. Rd5 Kh6 38. Qd2
Rb6 39. Rd7 Qc5 40. h4 g4 41. Ng5 g3 42. Rd5 Qe7 43. fxg3 Rf6 44. gxf4 exf4
45. Rxb5 Rg6 46. Qxf4 Qe8 47. Rxa5 Rf6 48. Rf5 Rg6 49. Ne6+ Kh7 50. Nxg7
Kxg7 51. Qe5+ Qxe5 52. Rxe5 Kf6 53. Rxh5 Rg4 54. e5+ Ke6 55. Kf2 Re4 56.
Kf3 Rxe5 57. Rxe5+ Kxe5 58. g4 { Black resigns } 1-0

[Event "ICC tourney 2308 (3 2)"]
[Site "Internet Chess Club"]
[Date "2021.01.15"]
[Round "7"]
[White "drberkley"]
[Black "WaSabi5829"]
[Result "1-0"]
[ICCResult "Black checkmated"]
[WhiteElo "1952"]
[BlackElo "1386"]
[Opening "Sicilian: closed"]
[ECO "B23"]
[NIC "SI.44"]
[Time "21:38:46"]
[PlyCount "151"]
[TimeControl "180+2"]

1. e4 c5 2. Nc3 d6 3. f4 Nc6 4. Nf3 g6 5. Bb5 Bg7 6. O-O a6 7. Bxc6+ bxc6
8. d3 e6 9. Qe1 Ne7 10. Qh4 O-O 11. f5 exf5 12. Bh6 fxe4 13. Ng5 f6 14.
Bxg7 fxg5 15. Rxf8+ Qxf8 16. Bxf8 gxh4 17. Bxe7 exd3 18. cxd3 d5 19. Bxc5
Bf5 20. d4 Rb8 21. b3 Re8 22. Kf2 Re6 23. Re1 Rf6 24. Be7 Rf7 25. Kg1 h6
26. Bxh4 g5 27. Bg3 Bd3 28. Nd1 Bb1 29. a3 Bc2 30. b4 Bd3 31. Nf2 Bb5 32.
Re8+ Kg7 33. Be5+ Kg6 34. g4 Kh7 35. Rc8 Kg6 36. Kg2 Ra7 37. Rc7 Rxc7 38.
Bxc7 Kf6 39. Nd1 Kg6 40. Ne3 h5 41. h3 hxg4 42. hxg4 Bd3 43. Kg3 Be4 44.
Nd1 Bc2 45. Nc3 Bd3 46. Na4 Bb5 47. Nc5 Be2 48. a4 Bd1 49. a5 Be2 50. Nb7
Bb5 51. Nd6 Be2 52. Ne8 Bb5 53. Be5 Bd3 54. Nd6 Be2 55. Nb7 Bb5 56. Nd8 Be2
57. Nxc6 Bb5 58. Na7 Be2 59. b5 axb5 60. Bd6 b4 61. Bxb4 Bxg4 62. Kxg4 Kg7
63. Nc6 Kf7 64. a6 Ke6 65. a7 Kd7 66. a8=Q Ke6 67. Qc8+ Kf7 68. Qd7+ Kg8
69. Qxd5+ Kh8 70. Qd8+ Kg7 71. Qe7+ Kh8 72. d5 Kg8 73. Qe8+ Kg7 74. Bc3+
Kh7 75. Qh8+ Kg6 76. Qg7# { Black checkmated } 1-0

[Event "ICC tourney 2308 (3 2)"]
[Site "Internet Chess Club"]
[Date "2021.01.15"]
[Round "8"]
[White "ThomasBoyle"]
[Black "Jesuscalling"]
[Result "0-1"]
[ICCResult "White resigns"]
[WhiteElo "1283"]
[BlackElo "2050"]
[Opening "Caro-Kann: Tartakower (fantasy) variation"]
[ECO "B12"]
[NIC "CK.02"]
[Time "21:51:49"]
[PlyCount "54"]
[TimeControl "180+2"]

1. e4 c6 2. d4 d5 3. f3 e6 4. Nc3 Bb4 5. Bd2 Ne7 6. e5 Nf5 7. a3 Bxc3 8.
Bxc3 Qh4+ 9. g3 Nxg3 10. hxg3 Qxh1 11. Qe2 Qxg1 12. O-O-O Qxg3 13. Bb4 Na6
14. Bd6 Bd7 15. Qe3 h6 16. Qb3 b5 17. a4 Qg5+ 18. Kb1 Qd8 19. axb5 cxb5 20.
Bxb5 Nb8 21. Bd3 Nc6 22. Qc3 Rc8 23. Qa3 h5 24. c3 h4 25. f4 g6 26. Bf8
Rxf8 27. Rh1 Qe7 { White resigns } 0-1

[Event "ICC tourney 2308 (3 2)"]
[Site "Internet Chess Club"]
[Date "2021.01.15"]
[Round "8"]
[White "iszerencsy"]
[Black "rychessmaster1"]
[Result "1-0"]
[ICCResult "Black resigns"]
[WhiteElo "1425"]
[BlackElo "2187"]
[Opening "Caro-Kann: advance variation"]
[ECO "B12"]
[NIC "CK.02"]
[Time "21:52:07"]
[PlyCount "65"]
[TimeControl "180+2"]

1. e4 c6 2. d4 d5 3. e5 c5 4. c4 Nc6 5. dxc5 d4 6. Nf3 Bg4 7. Bf4 e6 8. h3
Bh5 9. g4 Bg6 10. Bg2 Bxc5 11. Nbd2 h6 12. a3 a5 13. Nb3 Bb6 14. c5 Bc7 15.
Nfxd4 Nxe5 16. Bxb7 Rb8 17. Bxe5 Rxb7 18. Bxc7 Qxc7 19. c6 Rb8 20. O-O Ne7
21. Rc1 O-O 22. Nc5 Qf4 23. Nd7 Rxb2 24. Nxf8 Kxf8 25. c7 Nc8 26. Nxe6+
fxe6 27. Qd8+ Be8 28. Qxc8 Rb3 29. Qxe8+ Kxe8 30. c8=Q+ Kf7 31. Rc7+ Kg6
32. Qxe6+ Kh7 33. Qf5+ { Black resigns } 1-0

[Event "ICC tourney 2308 (3 2)"]
[Site "Internet Chess Club"]
[Date "2021.01.15"]
[Round "8"]
[White "stephenwilly"]
[Black "sarvadh"]
[Result "1/2-1/2"]
[ICCResult "Game drawn by mutual agreement"]
[WhiteElo "1460"]
[BlackElo "2250"]
[Opening "French defense, Steiner variation"]
[ECO "C00"]
[NIC "FR.01"]
[Time "21:51:45"]
[PlyCount "47"]
[TimeControl "180+2"]

1. e4 e6 2. c4 d5 3. cxd5 exd5 4. exd5 Qxd5 5. Nc3 Qd8 6. d4 Nf6 7. Bc4 Nc6
8. Nf3 Bb4 9. O-O O-O 10. Bg5 h6 11. Bxf6 Qxf6 12. Nd5 Qd6 13. Nxb4 Nxb4
14. a3 Nd5 15. Rc1 c6 16. Re1 Bg4 17. h3 Bxf3 18. Qxf3 Rfe8 19. g3 Nf6 20.
Qd3 Rad8 21. Rxe8+ Rxe8 22. Qb3 Re7 23. Rd1 Nd5 24. Bd3 { Game drawn by
mutual agreement } 1/2-1/2

[Event "ICC tourney 2308 (3 2)"]
[Site "Internet Chess Club"]
[Date "2021.01.15"]
[Round "8"]
[White "GLeschinsky"]
[Black "hackerguru"]
[Result "1-0"]
[ICCResult "Black checkmated"]
[WhiteElo "2103"]
[BlackElo "1750"]
[Opening "Nimzo-Indian: Kmoch variation"]
[ECO "E20"]
[NIC "NI.30"]
[Time "21:51:55"]
[PlyCount "49"]
[TimeControl "180+2"]

1. d4 Nf6 2. c4 e6 3. Nc3 Bb4 4. f3 d5 5. a3 Be7 6. e4 dxe4 7. fxe4 c5 8.
d5 exd5 9. exd5 Bd6 10. Be2 a6 11. Nf3 O-O 12. O-O Re8 13. h3 Nbd7 14. Bg5
h6 15. Bh4 Qc7 16. Qd2 Bg3 17. Bxg3 Qxg3 18. Rae1 Nh5 19. Bd3 Rxe1 20. Rxe1
Ndf6 21. Qf2 Qf4 22. Ne4 Nxe4 23. Rxe4 Qc1+ 24. Re1 Qf4 25. Re8# { Black
checkmated } 1-0